 Dungeon Crawl Stone Soup version 0.29.1-1-gd02db6906a (webtiles) character file.

Game seed: 8634062913583345088

5393 raistware the Destroyer (level 10, -23/58 HPs)
             Began as an Octopode Conjurer on Sept 29, 2022.
             Was an Initiate of Vehumet.
             Annihilated by a two-headed ogre
             ... wielding a +0 giant club
              (27 damage)
             ... on level 9 of the Dungeon.
             The game lasted 00:26:33 (11867 turns).

raistware the Destroyer (Octopode Conjurer)        Turns: 11867, Time: 00:26:34

Health: -23/58     AC:  3    Str:  7    XL:     10   Next: 66%
Magic:  1/20       EV: 13    Int: 31    God:    Vehumet [......]
Gold:   306        SH:  0    Dex: 10    Spells: 8/23 levels left

rFire   . . .      SeeInvis .   c - +4 quarterstaff (chaos)
rCold   . . .      Faith    .   (shield currently unavailable)
rNeg    + . .      Spirit   .   e - +2 hat
rPois   .          Reflect  .   (no amulet)
rElec   .          Harm     .   g - ring of positive energy
rCorr   .          Rampage  .   B - ring of willpower
Will    +....                   C - ring of flight
Stlth   +++.......              G - +6 ring of intelligence
HPRegen 0.19/turn               (no ring)
MPRegen 0.17/turn               (no ring)
                                (no ring)
                                (no ring)

@: flying
A: almost no armour, amphibious, 8 rings, camouflage 1, gelatinous body 1,
(nimble swimmer 1), tentacles
a: Renounce Religion


You were on level 9 of the Dungeon.
You worshipped Vehumet.
Vehumet was noncommittal.
You visited 2 branches of the dungeon, and saw 10 of its levels.

You collected 628 gold pieces.
You spent 322 gold pieces at shops.

Inventory:

Hand Weapons
 c - a +4 quarterstaff of chaos (weapon)
Missiles
 p - 25 poisoned darts
 F - 3 curare-tipped darts
 K - a throwing net
Armour
 e - a +2 hat (worn)
Jewellery
 g - a ring of positive energy (left tentacle)
 B - a ring of willpower (right tentacle)
 C - a ring of flight (on tentacle)
 G - a +6 ring of intelligence (on tentacle)
 H - a ring of fire
Wands
 w - a wand of charming (16)
 z - a wand of roots (6)
 E - a wand of flame (6)
 I - a wand of polymorph (2)
Scrolls
 d - 3 scrolls of fear {unknown}
 f - 2 scrolls of noise
 h - 3 scrolls of enchant armour {unknown}
 j - 3 scrolls of amnesia
 l - 3 scrolls of magic mapping
 q - 3 scrolls of fog {unknown}
 s - 2 scrolls of blinking {unknown}
 t - a scroll of enchant weapon {unknown}
 u - 3 scrolls of immolation {unknown}
 x - 4 scrolls of teleportation
 y - 2 scrolls of poison
 A - a scroll of acquirement {unknown}
 J - a scroll of brand weapon {unknown}
Potions
 a - a potion of magic
 b - 3 potions of haste
 i - 3 potions of mutation
 k - 2 potions of ambrosia
 m - 3 potions of heal wounds
 n - 4 potions of flight
 o - a potion of lignification {unknown}
 r - a potion of might {unknown}
 v - 2 potions of attraction {unknown}
 D - 3 potions of curing


   Skills:
 - Level 1.0 Fighting
 - Level 1.0 Staves
 - Level 4.0 Dodging
 - Level 3.0 Stealth
 - Level 7.0 Spellcasting
 * Level 13.2 Conjurations
 - Level 2.0 Translocations
 - Level 2.0 Poison Magic
 - Level 1.0 Evocations


You had 8 spell levels left.
You knew the following spells:

 Your Spells              Type           Power      Damage    Failure   Level
a - Magic Dart            Conj           100%       1d8       1%          1
b - Iskenderun's Mystic   Conj/Tloc      55%        2d12      1%          4
c - Mephitic Cloud        Conj/Pois/Air  42%        N/A       1%          3
d - Freezing Cloud        Conj/Ice/Air   19%        6-21      21%         5
e - Blink                 Tloc           46%        N/A       3%          2

Your spell library contained the following spells:

 Spells                   Type           Power      Damage    Failure   Level
 Searing Ray              Conj           100%       2d8       1%          2
 Static Discharge         Conj/Air       51%        3-10/arc  1%          2
 Dazzling Flash           Conj/Hex       100%       N/A       1%          3
 Fulminant Prism          Conj/Hex       25%        3d14      3%          4
 Sticky Flame             Conj/Fire      51%        2d7       3%          4
 Beastly Appendage        Tmut           20%        N/A       4%          1
 Ensorcelled Hibernation  Hex/Ice        20%        N/A       7%          2
 Wereblood                Tmut           10%        N/A       7%          2
 Spider Form              Tmut/Pois      17%        N/A       9%          3
 Ignite Poison            Fire/Tmut/Pois 14%        N/A       11%         3
 Anguish                  Hex/Necr       5%         N/A       41%         4
 Dispel Undead            Necr           10%        3d9       41%         4
 Manifold Assault         Tloc           23%        N/A       47%         5
 Storm Form               Tmut/Air       5%         N/A       100%        7


Dungeon Overview and Level Annotations

Branches:
Dungeon (9/15)             Temple (1/1) D:6
   Lair: D:8-11         Orc: D:9-12

Altars:
Ashenzari
Cheibriados
Dithmenos
Elyvilon
Fedhas
Gozag
Hepliaklqana
Kikubaaqudgha
Makhleb
Nemelex Xobeh
Okawaru
Qazlal
Ru
Sif Muna
Trog
Uskayaw
Vehumet
Wu Jian
Xom
Yredelemnul
Zin
The Shining One

Shops:
D:4 *   D:8 ?

Annotations:
D:4 Dowan, Duvessa


Innate Abilities, Weirdness & Mutations

You cannot wear most types of armour.
You are amphibious.
You can wear up to eight rings at the same time.
Your skin changes colour to match your surroundings (Stealth+).
Your rubbery body absorbs attacks. (AC +1, EV +1)
((You are camouflaged when in or above water. (Stealth+)))
You have tentacles for arms and can constrict up to eight enemies at once.


Message History

The wolf moves out of view.
The lemure is engulfed in freezing vapours.
You kill the lemure!
That felt strangely unrewarding.
The lemure is engulfed in freezing vapours.
You kill the lemure!
That felt strangely unrewarding.
Things that are here:
a +0 dagger; a +0 robe; an orc corpse The two-headed ogre is engulfed in freezing vapours.
Casting: Freezing Cloud (quite dangerous; 21% risk of failure)
Confirm with . or Enter, or press ? or * to list all spells.
You erupt in a blast of force!
The mystic blast hits the two-headed ogre!
The two-headed ogre is heavily wounded.
You hear a shout!
You hear a howl! x2; You hear a shout!
You hear an angry growl.
Unknown command.
Casting: Iskenderun's Mystic Blast (dangerous; 1% risk of failure)
Confirm with . or Enter, or press ? or * to list all spells.
You don't have enough magic to cast this spell.
You hit the two-headed ogre.
The two-headed ogre goes berserk!
The two-headed ogre is heavily wounded.
The two-headed ogre hits you with a +0 giant club!!!
Ouch! That really hurt!
* * * LOW HITPOINT WARNING * * *
The two-headed ogre closely misses you.
Welcome back, raistware the Octopode Conjurer.
Vehumet says: Let it end in hellfire!
Press ? for a list of commands and other information.
Press: ? - help, v - describe, . - travel, g - get item
Here: a two-headed ogre, wielding two +0 giant clubs (heavily wounded, berserk)
Items here: a +0 robe; a +0 dagger; an orc corpse.
The floor, spattered with blood.
Aiming: Charm
Press: ? - help, Shift-Dir - straight line, f - two-headed ogre
Aim: a two-headed ogre, wielding two +0 giant clubs (heavily wounded, berserk, chance to affect: 33%)
The two-headed ogre easily resists.
The two-headed ogre hits you with a +0 giant club!!
You die...

#....#...........)....
##...#................
##.......#.###..###.##
##.)...#.#.# #..###.##.
..)....#.#.# #.........
. ##.)..)#.#.#
#...........
##.....#.#.# #..######.#
####.###.#.###.)###§○°.#
# #.# #.#......@O.†.)°#
# #.#
#.##########.###§.) #
### ### .# # O# # .# ..
.# .#


You could see a two-headed ogre (berserk).

Vanquished Creatures
  A two-headed ogre (D:8)
  Maurice (D:9)
  A hornet (D:8)
  Sigmund (D:2)
  5 yaks (D:8)
  A steam dragon (D:6)
  A water moccasin (D:7)
  4 ice beasts
  An orc warrior (D:6)
  3 black bears
  A wolf (D:9)
  2 lemures (D:9)
  4 centaurs
  2 phantoms
  4 kobold brigands
  2 bullfrogs
  A necrophage (D:5)
  A gnoll sergeant (D:8)
  2 scorpions
  4 wights (D:6)
  6 killer bees (D:8)
  5 howler monkeys
  2 hounds
  2 jellies (D:5)
  Crazy Yiuf (D:4)
  2 orc priests (D:6)
  2 iguanas
  5 orc wizards
  5 gnolls (D:8)
  7 adders
  A shadow imp (D:7)
  3 white imps
  A worm (D:3)
  2 dart slugs
  13 orcs
  6 bats
  8 endoplasms
  4 giant cockroaches
  8 hobgoblins
  4 jackals
  4 quokkas
  5 ball pythons
  2 frilled lizards (D:1)
  8 goblins
  24 kobolds
  3 rats
175 creatures vanquished.

Vanquished Creatures (others)
  An orc wizard (D:6)
1 creature vanquished.

Grand Total: 176 creatures vanquished

Notes
Turn   | Place    | Note
-------+----------+-------------------------------------------
     0 | D:1      | raistware the Octopode Conjurer began the quest for the
                  | Orb.
     0 | D:1      | Reached XP level 1. HP: 11/11 MP: 3/3
   157 | D:1      | Reached XP level 2. HP: 17/17 MP: 0/5
   787 | D:1      | Reached XP level 3. HP: 21/21 MP: 4/7
  1241 | D:1      | Learned a level 3 spell: Mephitic Cloud
  2255 | D:2      | Noticed Sigmund
  2271 | D:2      | Killed Sigmund
  2272 | D:2      | Reached skill level 5 in Conjurations
  2272 | D:2      | Reached XP level 4. HP: 27/27 MP: 5/10
  2272 | D:2      | Reached XP level 5. HP: 31/31 MP: 5/11
  2498 | D:2      | Learned a level 4 spell: Iskenderun's Mystic Blast
  2822 | D:3      | Reached XP level 6. HP: 36/36 MP: 7/12
  2954 | D:3      | Noticed a black bear
  2988 | D:3      | Killed a black bear
  2989 | D:3      | Reached skill level 1 in Translocations
  3199 | D:3      | Identified the +1 leather armour "Seereo" {rElec}
  3982 | D:4      | Reached skill level 6 in Conjurations
  4026 | D:4      | Identified the +6 chain mail of Greed {Str+4 SInv}
  4257 | D:4      | Reached XP level 7. HP: 19/41 MP: 7/13
  4663 | D:4      | Noticed Duvessa
  4663 | D:4      | Noticed Dowan
  4680 | D:4      | Found a runed translucent door.
  4681 | D:4      | Noticed Crazy Yiuf
  4811 | D:4      | Found Jeujut's General Store.
  4828 | D:4      | Bought a scroll of teleportation for 36 gold pieces
  4828 | D:4      | Bought a potion of heal wounds for 60 gold pieces
  4828 | D:4      | Bought a scroll of identify for 24 gold pieces
  5164 | D:4      | Killed Crazy Yiuf
  5428 | D:5      | Entered Level 5 of the Dungeon
  5435 | D:5      | Reached skill level 7 in Conjurations
  5972 | D:5      | Reached skill level 8 in Conjurations
  5979 | D:5      | Reached XP level 8. HP: 15/46 MP: 8/14
  6740 | D:5      | Found a glowing silver altar of Zin.
  6798 | D:6      | Reached skill level 1 in Fighting
  6798 | D:6      | Reached skill level 1 in Staves
  6798 | D:6      | Reached skill level 1 in Evocations
  6852 | D:6      | Reached skill level 5 in Spellcasting
  7198 | D:6      | Found an opulent altar of Gozag.
  7198 | D:6      | Found a white marble altar of Elyvilon.
  7199 | D:6      | Found a hide-covered altar of Uskayaw.
  7213 | D:6      | Found a broken altar of Ashenzari.
  7593 | D:6      | Reached XP level 9. HP: 43/53 MP: 6/17
  7676 | D:6      | Learned a level 5 spell: Freezing Cloud
  7765 | D:6      | Reached skill level 9 in Conjurations
  8011 | D:6      | Found a staircase to the Ecumenical Temple.
  8020 | Temple   | Entered the Ecumenical Temple
  8797 | D:7      | Reached skill level 10 in Conjurations
  9953 | D:8      | Noticed a hornet
  9964 | D:8      | Killed a hornet
 10001 | D:8      | Noticed a two-headed ogre
 10150 | D:8      | Reached skill level 11 in Conjurations
 10178 | D:8      | Reached XP level 10. HP: 9/58 MP: 13/20
 10432 | D:8      | Found Diroih's Magic Scroll Shoppe.
 10441 | D:8      | Bought a scroll of identify for 30 gold pieces
 10441 | D:8      | Bought a scroll of magic mapping for 112 gold pieces
 10441 | D:8      | Bought a scroll of poison for 60 gold pieces
 10613 | D:8      | Killed a two-headed ogre
 10614 | D:8      | Reached skill level 12 in Conjurations
 11353 | D:8      | Found a radiant altar of Vehumet.
 11391 | D:8      | Became a worshipper of Vehumet
 11534 | D:8      | Learned a level 2 spell: Blink
 11570 | D:9      | Noticed Maurice
 11620 | D:9      | Killed Maurice
 11621 | D:9      | Reached skill level 13 in Conjurations
 11860 | D:9      | Noticed a two-headed ogre
 11867 | D:9      | Annihilated by a two-headed ogre

Illustrated notes

Levels and vault maps discovered:
D:1:      dpeg_arrival_shrine, layout_loops_corners, nrook_loot_triangle,
          dreamdust_princess_bridge
D:2:      layout_basic, uniq_sigmund
D:3:      minmay_chambers_of_twos, layout_basic
D:4:      layout_basic, serial_shops, shop, uniq_crazy_yiuf_cottage,
          uniq_duvessa
D:5:      layout_loops_cross, zin_treasury
D:6:      layout_basic, nicolae_overflow_quartered_altars,
          minmay_temple_entry_antechambers, hangedman_abyss_or_decor_lesser_grid
D:7:      layout_loops_ring
D:8:      layout_basic, nicolae_vehumet_altar_sigil, serial_shops,
          nicolae_shop_advertising_works [nicolae_subvault_shop_adworks]
D:9:      layout_loops_ring, gammafunk_ghost_spectres, serial_shops,
          nicolae_shop_trees, uniq_pikel, uniq_grum, uniq_maurice
Temple:   nicolae_temple_x_marks_the_god

Skill      XL: |  1  2  3  4  5  6  7  8  9 10 |
---------------+-------------------------------+-----
Spellcasting   | 3 4 5 7 |  7.0
Poison Magic   | 2 |  2.0
Conjurations   | 5 6 8 11 13 | 13.2
Translocations | 2 |  2.0
Dodging        | 3 4 |  4.0
Fighting       | 1 |  1.0
Staves         | 1 |  1.0
Evocations     | 1 |  1.0
Stealth        | 3 |  3.0

Action                   |  1- 3 |  4- 6 |  7- 9 | 10-12 || total
-------------------------+-------+-------+-------+-------++-------
Melee: Quarterstaff      |    17 |    12 |   102 |    17 ||   148
       Constrict         |     4 |     2 |    21 |     2 ||    29
       Tentacles         |     1 |     5 |    27 |     2 ||    35
       Punch             |       |       |       |     1 ||     1
Throw: Dart              |       |       |     8 |    12 ||    20
       Throwing net      |       |       |       |     1 ||     1
 Cast: Magic Dart        |    69 |    63 |   136 |    18 ||   286
       Mephitic Cloud    |     1 |     2 |     9 |     2 ||    14
       Iskenderun's Myst |       |       |    24 |    10 ||    34
       Freezing Cloud    |       |       |     1 |     4 ||     5
Evoke: Wand              |       |       |    12 |     1 ||    13
  Use: Scroll            |       |       |     7 |     1 ||     8
       Potion            |       |       |     1 |       ||     1
 Stab: Sleeping          |     1 |     2 |     2 |       ||     5
       Confused          |     1 |       |     3 |       ||     4
Armor: Skin              |     8 |     5 |    17 |     1 ||    31
Dodge: Dodged            |    10 |    10 |   101 |    13 ||   134
